SAA
NORTHVILLE ECLIPSE @ LITTLE CAESARS HOT N READYS
08/10/2034
 
TOP OF THE 1ST
Northville Eclipse batting - Pitching for Little Caesars Hot N Readys : RHP Seung-soo Yi
Pitching: RHP Seung-soo Yi
Batting: RHB Rod Shortall 0-0: Called Strike
0-1: Fly out, F9 (Flyball, 9)
Batting: RHB Bill Wilson 0-0: Called Strike
0-1: Ball
1-1: Swinging Strike
1-2: Ball
2-2: Strikes out swinging
Batting: LHB Conrad Hessing 0-0: Called Strike
0-1: Ball
1-1: Swinging Strike
1-2: Ground out 6-3 (Groundball, 56)
Top of the 1st over - 0 runs, 0 hits, 0 errors, 0 left on base; Northville 0 - Little Caesars 0
BOTTOM OF THE 1ST
Little Caesars Hot N Readys batting - Pitching for Northville Eclipse : RHP Alberto Álvarez
Pitching: RHP Alberto Álvarez
Batting: SHB Quentin Harrop 0-0: Called Strike
0-1: Foul Ball, location: 2F
0-2: Ground out 4-3 (Groundball, 4)
Batting: RHB Troy Ross 0-0: Ball
1-0: Called Strike
1-1: Ball
2-1: Ground out 3-1 (Groundball, 34)
Batting: RHB Cornelio Japón 0-0: Ball
1-0: Fly out, F7 (Flyball, 78M)
Bottom of the 1st over - 0 runs, 0 hits, 0 errors, 0 left on base; Northville 0 - Little Caesars 0
TOP OF THE 2ND
Northville Eclipse batting - Pitching for Little Caesars Hot N Readys : RHP Seung-soo Yi
Batting: LHB Qing-nian Zexian 0-0: Called Strike
0-1: Swinging Strike
0-2: Ball
1-2: Strikes out swinging
Batting: LHB Raymond Dudzinski 0-0: Single, Error in OF, E9, batter to second base
Batting: LHB Lonnie Murray 0-0: DOUBLE (Line Drive, 7D)
Raymond Dudzinski scores
Batting: RHB Sidney Mackell 0-0: Called Strike
0-1: Foul Ball, location: 2F
0-2: Foul Ball, location: 2F
0-2: Ground out 5-3 (Groundball, 56S)
Lonnie Murray to third
Batting: SHB Javier Murillo 0-0: Foul Ball, location: 2F
0-1: Foul Ball, location: 2F
0-2: Strikes out looking
Top of the 2nd over - 1 run, 2 hits, 1 error, 1 left on base; Northville 1 - Little Caesars 0
BOTTOM OF THE 2ND
Little Caesars Hot N Readys batting - Pitching for Northville Eclipse : RHP Alberto Álvarez
Batting: LHB Manuel Estrada 0-0: Ball
1-0: Ball
2-0: Called Strike
2-1: Fly out, F7 (Line Drive, 7LM)
Batting: SHB Ezequiel Oacia 0-0: Ball
1-0: Called Strike
1-1: Swinging Strike
1-2: Strikes out looking
Batting: SHB Robby Patterson 0-0: Foul Ball, location: 2F
0-1: Foul Ball, location: 2F
0-2: Strikes out looking
Bottom of the 2nd over - 0 runs, 0 hits, 0 errors, 0 left on base; Northville 1 - Little Caesars 0
TOP OF THE 3RD
Northville Eclipse batting - Pitching for Little Caesars Hot N Readys : RHP Seung-soo Yi
Batting: RHB Miguel Betancourt 0-0: Ball
1-0: Fly out, F9 (Flyball, 9D)
Batting: RHB Rod Shortall 0-0: Ball
1-0: Called Strike
1-1: Ball
2-1: SINGLE (Line Drive, 8LS)
Batting: RHB Bill Wilson 0-0: Ball
Rod Shortall is caught stealing 2nd base
1-0: Swinging Strike
1-1: Foul Ball, location: 2F
1-2: Strikes out swinging
Top of the 3rd over - 0 runs, 1 hit, 0 errors, 0 left on base; Northville 1 - Little Caesars 0
BOTTOM OF THE 3RD
Little Caesars Hot N Readys batting - Pitching for Northville Eclipse : RHP Alberto Álvarez
Batting: SHB Jorge Iglésias 0-0: Swinging Strike
0-1: Foul Ball, location: 2F
0-2: Ground out 3-1 (Groundball, 34S)
Batting: RHB Jaxon Dube 0-0: Ball
1-0: Ball
2-0: Called Strike
2-1: Ground out 4-3 (Groundball, 4M)
Batting: RHB Adam Jensson 0-0: Ball
1-0: Ball
2-0: SINGLE (Line Drive, 6D)
Batting: SHB Quentin Harrop 0-0: Called Strike
0-1: Ball
1-1: Ball
Adam Jensson is caught stealing 2nd base
Bottom of the 3rd over - 0 runs, 1 hit, 0 errors, 0 left on base; Northville 1 - Little Caesars 0
TOP OF THE 4TH
Northville Eclipse batting - Pitching for Little Caesars Hot N Readys : RHP Seung-soo Yi
Batting: LHB Conrad Hessing 0-0: Ball
1-0: Foul Ball, location: 2F
1-1: Ball
2-1: Ground out 6-3 (Groundball, 6)
Batting: LHB Qing-nian Zexian 0-0: Ball
1-0: Ball
2-0: Called Strike
2-1: Ball
3-1: Called Strike
3-2: Foul Ball, location: 2F
3-2: DOUBLE (Groundball, 3L)
Batting: LHB Raymond Dudzinski 0-0: Foul Ball, location: 2F
0-1: Ball
1-1: DOUBLE (Flyball, 89XD)
Qing-nian Zexian scores
Batting: LHB Lonnie Murray 0-0: Called Strike
0-1: Ball
Passed Ball!
Raymond Dudzinski to third
1-1: Ball
2-1: SINGLE (Line Drive, 4D)
Raymond Dudzinski scores
Batting: RHB Sidney Mackell 0-0: Ball
Lonnie Murray steals 2nd base
1-0: Foul Ball, location: 2F
1-1: Swinging Strike
1-2: Ball
2-2: Foul Ball, location: 2F
2-2: SINGLE (Line Drive, 34)
Lonnie Murray to third
Batting: SHB Javier Murillo 0-0: Ball
1-0: Ball
2-0: Fly out, F6 (Popup, 6MS)
Batting: RHB Miguel Betancourt 0-0: Ball
1-0: Ball
2-0: Called Strike
2-1: Foul Ball, location: 2F
2-2: SINGLE (Groundball, 56D)
Lonnie Murray scores
Sidney Mackell to second
Batting: RHB Rod Shortall 0-0: Called Strike
0-1: Foul Ball, location: 2F
0-2: Ball
1-2: Foul Ball, location: 2F
1-2: Ball
2-2: Ball
3-2: Base on Balls
Sidney Mackell to third
Miguel Betancourt to second
Batting: RHB Bill Wilson 0-0: Ball
1-0: Swinging Strike
1-1: Hit by Pitch
Sidney Mackell scores
Miguel Betancourt to third
Rod Shortall to second
Batting: LHB Conrad Hessing 0-0: Foul Ball, location: 2F
0-1: Foul Ball, location: 2F
0-2: SINGLE (Flyball, 7S)
Miguel Betancourt scores
Rod Shortall to third
Bill Wilson to second
Runner from 3rd tries for Home, SAFE, no throw
Batting: LHB Qing-nian Zexian 0-0: Called Strike
0-1: Foul Ball, location: 2F
0-2: Ball
1-2: Ball
2-2: Fly out, F9 (Flyball, 9)
Top of the 4th over - 6 runs, 6 hits, 0 errors, 2 left on base; Northville 7 - Little Caesars 0
BOTTOM OF THE 4TH
Little Caesars Hot N Readys batting - Pitching for Northville Eclipse : RHP Alberto Álvarez
Batting: SHB Quentin Harrop 0-0: Called Strike
0-1: Ball
1-1: Swinging Strike
1-2: Ball
2-2: Ball
3-2: Strikes out swinging
Batting: RHB Troy Ross 0-0: Ball
1-0: Called Strike
1-1: Fly out, F4 (Popup, 13)
Batting: RHB Cornelio Japón 0-0: Called Strike
0-1: Foul Ball, location: 2F
0-2: Ground out 6-3 (Groundball, 6)
Bottom of the 4th over - 0 runs, 0 hits, 0 errors, 0 left on base; Northville 7 - Little Caesars 0
TOP OF THE 5TH
Northville Eclipse batting - Pitching for Little Caesars Hot N Readys : RHP Seung-soo Yi
Batting: LHB Raymond Dudzinski 0-0: Called Strike
0-1: Ball
1-1: Foul Ball, location: 2F
1-2: SINGLE (Flyball, 78S)
Batting: LHB Lonnie Murray 0-0: Grounds into double play, 1-6-3 (Groundball, 13S)
Batting: RHB Sidney Mackell 0-0: Ball
1-0: Ground out 6-3 (Groundball, 6)
Top of the 5th over - 0 runs, 1 hit, 0 errors, 0 left on base; Northville 7 - Little Caesars 0
BOTTOM OF THE 5TH
Little Caesars Hot N Readys batting - Pitching for Northville Eclipse : RHP Alberto Álvarez
Batting: LHB Manuel Estrada 0-0: Ground out 4-3 (Groundball, 4M)
Batting: SHB Ezequiel Oacia 0-0: Ball
1-0: Ball
2-0: Called Strike
2-1: Called Strike
2-2: Ball
3-2: Base on Balls
Batting: SHB Robby Patterson 0-0: Fly out, F4 (Popup, 4M)
Batting: SHB Jorge Iglésias 0-0: Ball
1-0: Called Strike
1-1: Foul Ball, location: 2F
1-2: Ball
2-2: SINGLE (Flyball, 9S)
Ezequiel Oacia to second
Runner from 2nd tries for 3rd, SAFE, throw made to third
Batting: RHB Jaxon Dube 0-0: Foul Ball, location: 2F
0-1: Foul Ball, location: 2F
0-2: Strikes out swinging
Bottom of the 5th over - 0 runs, 1 hit, 0 errors, 2 left on base; Northville 7 - Little Caesars 0
TOP OF THE 6TH
Northville Eclipse batting - Pitching for Little Caesars Hot N Readys : RHP Seung-soo Yi
Batting: SHB Javier Murillo 0-0: Foul Ball, location: 2F
0-1: Ball
1-1: Called Strike
1-2: Foul Ball, location: 2F
1-2: Ball
2-2: Strikes out swinging
Batting: RHB Miguel Betancourt 0-0: Foul Ball, location: 2F
0-1: Ball
1-1: Ball
2-1: Foul Ball, location: 2F
2-2: Foul Ball, location: 2F
2-2: Fly out, F7 (Flyball, 7S)
Batting: RHB Rod Shortall 0-0: Ball
1-0: Foul Ball, location: 2F
1-1: Foul Ball, location: 2F
1-2: Foul Ball, location: 2F
1-2: Ball
2-2: Ball
3-2: Fly out, F4 (Line Drive, 4)
Top of the 6th over - 0 runs, 0 hits, 0 errors, 0 left on base; Northville 7 - Little Caesars 0
BOTTOM OF THE 6TH
Little Caesars Hot N Readys batting - Pitching for Northville Eclipse : RHP Alberto Álvarez
Batting: RHB Adam Jensson 0-0: Fly out, F6 (Flyball, 56D)
Batting: SHB Quentin Harrop 0-0: Swinging Strike
0-1: Ball
1-1: Ball
2-1: SINGLE (Flyball, 78S)
Batting: RHB Troy Ross 0-0: Ball
1-0: Called Strike
1-1: Foul Ball, location: 2F
1-2: Ball
2-2: Strikes out swinging
Batting: RHB Cornelio Japón 0-0: Ball
1-0: Called Strike
Quentin Harrop steals 2nd base
1-1: Foul Ball, location: 2F
1-2: SINGLE (Line Drive, 56)
Quentin Harrop to third
Runner from 3rd tries for Home, throw and OUT!
Bottom of the 6th over - 0 runs, 2 hits, 0 errors, 1 left on base; Northville 7 - Little Caesars 0
TOP OF THE 7TH
Northville Eclipse batting - Pitching for Little Caesars Hot N Readys : RHP Seung-soo Yi
Batting: RHB Bill Wilson 0-0: Ground out 6-3 (Groundball, 6)
Batting: LHB Conrad Hessing 0-0: Ball
1-0: Ground out 4-3 (Groundball, 4)
Batting: LHB Qing-nian Zexian 0-0: Ball
1-0: SINGLE (Groundball, 4MD)
Pitching: LHP Doruk Keyder
Batting: LHB Raymond Dudzinski 0-0: Fly out, F9 (Flyball, 89M)
Top of the 7th over - 0 runs, 1 hit, 0 errors, 1 left on base; Northville 7 - Little Caesars 0
BOTTOM OF THE 7TH
Little Caesars Hot N Readys batting - Pitching for Northville Eclipse : RHP Alberto Álvarez
Batting: LHB Manuel Estrada 0-0: Swinging Strike
0-1: Called Strike
0-2: Ball
1-2: Fly out, F7 (Flyball, 7D)
Batting: SHB Ezequiel Oacia 0-0: Called Strike
0-1: Fly out, F1 (Popup, P)
Batting: SHB Robby Patterson 0-0: Called Strike
0-1: Foul Ball, location: 2F
0-2: Ball
1-2: Ball
2-2: Foul Ball, location: 2F
2-2: Strikes out looking
Bottom of the 7th over - 0 runs, 0 hits, 0 errors, 0 left on base; Northville 7 - Little Caesars 0
TOP OF THE 8TH
Northville Eclipse batting - Pitching for Little Caesars Hot N Readys : LHP Doruk Keyder
Batting: LHB Lonnie Murray 0-0: Ball
1-0: Fly out, F7 (Flyball, 7LS)
Batting: RHB Sidney Mackell 0-0: Called Strike
0-1: Called Strike
0-2: Foul Ball, location: 2F
0-2: Foul Ball, location: 2F
0-2: Ground out 4-3 (Groundball, 4)
Batting: SHB Javier Murillo 0-0: Ball
1-0: Foul Ball, location: 2F
1-1: Ball
2-1: Ball
3-1: Base on Balls
Batting: RHB Miguel Betancourt 0-0: Ball
1-0: Swinging Strike
1-1: Fielders Choice at 2nd, 6-4 (Groundball, 6)
Top of the 8th over - 0 runs, 0 hits, 0 errors, 1 left on base; Northville 7 - Little Caesars 0
BOTTOM OF THE 8TH
Little Caesars Hot N Readys batting - Pitching for Northville Eclipse : RHP Alberto Álvarez
Batting: SHB Jorge Iglésias 0-0: Called Strike
0-1: Called Strike
0-2: Ball
1-2: Ball
2-2: Ball
3-2: Foul Ball, location: 2F
3-2: Ground out 4-3 (Groundball, 4)
Batting: RHB Jaxon Dube 0-0: Ball
1-0: Ball
2-0: Ball
3-0: Foul Ball, location: 2F
3-1: Foul Ball, location: 2F
3-2: Foul Ball, location: 2F
3-2: Fly out, F8 (Flyball, 8RM)
Batting: RHB Adam Jensson 0-0: Foul Ball, location: 2F
0-1: Called Strike
0-2: Strikes out swinging
Bottom of the 8th over - 0 runs, 0 hits, 0 errors, 0 left on base; Northville 7 - Little Caesars 0
TOP OF THE 9TH
Northville Eclipse batting - Pitching for Little Caesars Hot N Readys : LHP Doruk Keyder
Pinch Hitting: RHB Yi-ping Hor 0-0: Ball
1-0: Called Strike
1-1: Ball
2-1: Called Strike
2-2: Foul Ball, location: 2F
2-2: Ball
3-2: Strikes out swinging
Batting: RHB Bill Wilson 0-0: Ball
1-0: Ball
2-0: Ball
3-0: Base on Balls
Batting: LHB Conrad Hessing 0-0: Ball
1-0: Foul Ball, location: 2F
1-1: Grounds into double play, 6-4-3 (Groundball, 6M)
Top of the 9th over - 0 runs, 0 hits, 0 errors, 0 left on base; Northville 7 - Little Caesars 0
BOTTOM OF THE 9TH
Little Caesars Hot N Readys batting - Pitching for Northville Eclipse : RHP Alberto Álvarez
Now in LF: Yi-ping Hor
Batting: SHB Quentin Harrop 0-0: SINGLE (Groundball, 25) (infield hit)
Batting: RHB Troy Ross 0-0: Grounds into double play, 6-4-3 (Groundball, 56)
Batting: RHB Cornelio Japón 0-0: Ball
1-0: Swinging Strike
1-1: SINGLE (Groundball, 6) (infield hit)
Batting: LHB Manuel Estrada 0-0: Ball
1-0: Ground out 4-3 (Groundball, 34D)
Bottom of the 9th over - 0 runs, 2 hits, 0 errors, 1 left on base; Northville 7 - Little Caesars 0
Friday, March 29th, 2019 - OOTP Baseball 18.8 Build 76